 Dungeon Crawl Stone Soup version 0.16.1-4-g8e1b745 (console) character file.

12 gw the Charlatan (level 2, -7/16 HPs)
             Began as a Deep Elf Artificer on Mar 28, 2015.
             Mangled by a gnoll
             ... wielding a +0 spear
              (8 damage)
             ... on level 2 of the Dungeon.
             The game lasted 00:00:34 (569 turns).

gw the Charlatan (Deep Elf Artificer)                Turns: 569, Time: 00:00:34

Health: -7/16      AC:  3    Str:  8    XL:     2   Next: 20%
Magic:  5/5        EV: 12    Int: 16    God:
Gold:   79         SH:  0    Dex: 15    Spells: 0 memorised, 1 level left

rFire  . . .     SeeInvis .     a - +0 short sword
rCold  . . .     Clarity  .     e - +0 leather armour
rNeg   . . .     SustAb   .     (no shield)
rPois  +         Gourm    .     (no helmet)
rElec  .         Spirit   .     (no cloak)
rCorr  .         Warding  .     (no gloves)
rMut   .         Stasis   .     (no boots)
MR     .....                    (no amulet)
Stlth  ++........               (no ring)
                                k - ring of poison resistance

@: not resistant to hostile enchantments, unstealthy
A: no striking features
a: no special abilities


You were on level 2 of the Dungeon.
You were not hungry.

You visited 1 branch of the dungeon, and saw 2 of its levels.

You collected 79 gold pieces.

Inventory:

Hand weapons
 a - a +0 short sword (weapon)
Armour
 e - a +0 leather armour (worn)
Jewellery
 k - a ring of poison resistance (left hand)
Magical devices
 b - a wand of flame (15)
 c - a wand of enslavement (13)
 d - a wand of random effects (15)
Scrolls
 h - a scroll of identify {unknown}
 j - a scroll of fear {unknown}
 l - 2 scrolls of random uselessness {unknown}
Potions
 g - a potion of curing {unknown}
 i - a potion of haste {unknown}
Comestibles
 f - a bread ration


   Skills:
 + Level 1.0 Fighting
 * Level 1.8 Short Blades
 + Level 2.8 Dodging
 - Level 1.2 Stealth
 - Level 3.2 Evocations


You had one spell level left.
You didn't know any spells.

Dungeon Overview and Level Annotations

Branches:
Dungeon (2/15)

Altars:


Message History

Really fire through your gnoll?
Okay, then.
Unknown command.
Unknown command.
Unknown command.
ATTACK MOVE TO (-1,-1)
You swap places.
The gnoll hits you but does no damage. The gnoll completely misses you.
Unknown command.
Unknown command.
Unknown command.
Unknown command.
Evoke which item? (* to show all) (? for menu, Esc to quit)
Zapping:
c - a wand of enslavement (14)
Press: ? - help, Shift-Dir - straight line, f/p - gnoll
Aim: a gnoll, wielding a spear (chance 62%)
The gnoll resists with significant effort.
This wand has 13 charges left.
The gnoll hits you with a spear!
Ouch! That really hurt!
You die...

##### #####
#####...###.... .
#.............###
#.##
##.####.#........#
....$
..#......<#.......
..>S
#.#.###....####.#
.g#
#<#.#####.####.#
#g###.#...........#
#e#.#..######.....
#...#g#...# #.....
####.#.#### #...#.
#...# ##.##. #...#
#.##. ##..# #.##.
#..# ########.##.
#..# #........##.
#..###.#########.


You could see 2 gnolls, an adder and a friendly gnoll.

Table legend:
 A = Turns spent in this place as a percentage of turns spent in the entire game.
 B = Non-inter-level travel turns spent in this place as a percentage of non-inter-level travel turns spent in the entire game.
 C = Inter-level travel turns spent in this place as a percentage of turns spent in this place.
 D = Turns resting spent in this place as a percentage of non-inter-level travel turns spent in this place.
 E = Turns spent auto-exploring this place as a percentage of non-inter-level travel turns spent in this place.
 F = Non-inter-level travel turns spent in this place divided by the number of levels of this place that you've seen.
                   A       B       C       D       E      F
               +-------+-------+-------+-------+-------+----------------------
         Total | 100.0 | 100.0 |   2.7 |   1.3 |   2.6 | 399.0
       Dungeon | 100.0 | 100.0 |   2.7 |   1.3 |   2.6 | 399.0
               +-------+-------+-------+-------+-------+----------------------

Table legend:
 A = Kills in this place as a percentage of kills in entire the game.
 B = Kills by you in this place as a percentage of kills by you in the entire game.
 C = Kills by friends in this place as a percentage of kills by friends in the entire game.
 D = Other kills in this place as a percentage of other kills in the entire game.
 E = Experience gained in this place as a percentage of experience gained in the entire game.
 F = Experience gained in this place divided by the number of levels of this place that you have seen.
                   A       B       C       D       E      F
               +-------+-------+-------+-------+-------+----------------------
         Total | 100.0 | 100.0 |  -nan |  -nan | 100.0 |   9.0
       Dungeon | 100.0 | 100.0 |  -nan |  -nan | 100.0 |   9.0
               +-------+-------+-------+-------+-------+----------------------

Vanquished Creatures
  2 bats (D:2)
  A giant cockroach (D:2)
  2 hobgoblins
  A giant newt (D:1)
  2 goblins
  2 kobolds (D:2)
  A rat (D:2)
11 creatures vanquished.

Notes
Turn   | Place    | Note
--------------------------------------------------------------
     0 | D:1      | gw, the Deep Elf Artificer, began the quest for the Orb.
     0 | D:1      | Reached XP level 1. HP: 11/11 MP: 2/2
   346 | D:2      | Reached XP level 2. HP: 11/16 MP: 5/5
   534 | D:2      | Reached skill level 1 in Fighting
   569 | D:2      | Mangled by a gnoll

Action                   || total
-------------------------++-------
Melee: Short sword       ||    22
Evoke: Wand              ||     2

Vault maps used:
D:1:      minmay_arrival_radiant_lines
